 Dungeon Crawl Stone Soup version 0.29-a0-409-gd843f3a48c (webtiles) character file.

Game seed: 2720593491578467309

316 holysushi the Grave Robber (level 6, -1/41 HPs)
             Began as a Mummy Necromancer on May 14, 2022.
             Was an Initiate of Yredelemnul.
             Slain by a black bear (6 damage)
             ... on level 4 of the Dungeon.
             The game lasted 00:06:11 (4113 turns).

holysushi the Grave Robber (Mummy Necromancer)      Turns: 4113, Time: 00:06:12

Health: -1/41      AC:  6    Str: 11    XL:     6   Next: 20%
Magic:  4/11       EV: 13    Int: 14    God:    Yredelemnul [......]
Gold:   106        SH:  0    Dex: 15    Spells: 10/11 levels left

rFire   x . .      SeeInvis .     - Unarmed
rCold   + . .      Faith    +   n - orb {guile}
rNeg    + + +      Spirit   .   a - +0 robe
rPois   ∞          Reflect  .   l - +1 hat
rElec   .          Harm     .   (no cloak)
rCorr   .          Rampage  .   g - +2 pair of gloves {Stlth+}
Will    .....                   (no boots)
Stlth   +++.......              f - amulet of faith
HPRegen 0.13/turn               (no ring)
MPRegen 0.12/turn               (no ring)

@: no status effects
A: cold resistance 1, negative energy resistance 3, torment resistance 2, heat
vulnerability 1, in touch with death 1, no potions
a: Renounce Religion, Recall Undead Harvest


You were on level 4 of the Dungeon.
You worshipped Yredelemnul.
Yredelemnul was noncommittal.
You visited 1 branch of the dungeon, and saw 4 of its levels.

You collected 106 gold pieces.

Inventory:

Armour
 a - a +0 robe (worn)
 g - a +2 pair of gloves of stealth (worn)
 l - a +1 hat (worn)
 n - an orb of guile (worn)
Jewellery
 f - an amulet of faith (around neck)
 j - a +4 ring of evasion
Scrolls
 b - 6 scrolls of identify {unknown}
 c - 2 scrolls of noise {unknown}
 d - a scroll of acquirement {unknown}
 e - a scroll of poison {unknown}
 h - a scroll of blinking {unknown}
 i - 2 scrolls of enchant weapon {unknown}
 k - a scroll of teleportation {unknown}
 m - a scroll of amnesia {unknown}
 o - a scroll of torment {unknown}


   Skills:
 + Level 3.8 Dodging
 - Level 1.5 Stealth
 + Level 3.0 Unarmed Combat
 + Level 3.4 Spellcasting
 + Level 4.4 Necromancy


You had 10 spell levels left.
You knew the following spells:

 Your Spells              Type           Power      Damage    Failure   Level
a - Pain                  Necr           88%        1d8       3%          1

Your spell library contained the following spells:

 Spells                   Type           Power      Damage    Failure   Level
 Animate Skeleton         Necr           44%        N/A       3%          1
 Vampiric Draining        Necr           22%        2d7       10%         3
 Animate Dead             Necr           11%        N/A       32%         4
 Agony                    Necr           22%        N/A       67%         5


Dungeon Overview and Level Annotations

Branches:
Dungeon (4/15)
 Temple: D:4-7

Altars:
Yredelemnul


Innate Abilities, Weirdness & Mutations

You are immune to poison.
Your flesh is cold resistant. (rC+)
You are immune to negative energy. (rN+++)
You are immune to unholy pain and torment.
You are vulnerable to heat. (rF-)
You are in touch with the powers of death.
You do not drink.


Message History

The black bear claws your necrophage zombie.
The black bear claws your necrophage zombie!
Unknown command.
You swap places.
The black bear bites your necrophage zombie.
The black bear claws your necrophage zombie.
The black bear barely misses your necrophage zombie.
Your necrophage zombie hits the black bear.
The black bear bites your necrophage zombie.
The black bear claws your necrophage zombie.
The black bear claws your necrophage zombie!
The black bear bites your necrophage zombie!
Your necrophage zombie is destroyed!
Unknown command.
What are your orders? t - Shout!
Orders for allies: a - Attack new target. p - Attack previous target. r - Retreat! s - Stop attacking. g - Guard the area. f - Follow me.
Anything else - Cancel.
Gang up on whom?
Press: ? - help, Dir - move target, f/p - black bear
Aim: a black bear (almost dead, berserk, ally target) Attack!
The black bear rages.
Your goblin zombie hits the black bear but does no damage.
The black bear bites your goblin zombie!
Your goblin zombie is destroyed!
You see here 27 stones.
Unknown command.
Casting: Pain (safe; 3% risk of failure)
Confirm with . or Enter, or press ? or * to list all spells.
Aiming: Pain (safe; 3% risk of failure)
Press: ? - help, Shift-Dir - straight line, f/p - black bear
Aim: a black bear (almost dead, berserk, chance to affect: 91%)
You feel a surge of power!
The black bear writhes in agony.
The black bear bites you but does no damage.
The black bear claws you.
You die...
Yredelemnul claims you as an undead slave.

.#
#####
#Z# .#
#.# .#
#.# .#
#Z####
.#
#.Z..#
##
####.#
#.#
#.#
#@#
#h#
#.#
#.#
#.#
#.#
#.#
#..
##.


You could see a black bear (berserk).

Vanquished Creatures
  A kobold brigand (D:3)
  A necrophage (D:4)
  An orc priest (D:3)
  An iguana (D:4)
  5 adders
  2 dart slugs
  4 orcs (D:3)
  2 ball pythons
  6 endoplasms
  4 giant cockroaches
  5 goblins
  5 hobgoblins
  4 quokkas
  3 bats
  6 frilled lizards
  13 kobolds
  3 rats
66 creatures vanquished.

Vanquished Creatures (collateral kills)
  2 goblins (D:3)
  A hobgoblin (D:2)
  A kobold (D:3)
  A bat (D:2)
  2 rats (D:2)
7 creatures vanquished.

Vanquished Creatures (others)
  A necrophage zombie (D:4)
  A dart slug zombie (D:3)
  2 goblin zombies
  2 hobgoblin zombies
  A kobold zombie (D:3)
  A quokka zombie (D:2)
  A spectral endoplasm (D:3)
  A fungus (D:1)
  7 plants
17 creatures vanquished.

Grand Total: 90 creatures vanquished

Notes
Turn   | Place    | Note
-------+----------+-------------------------------------------
     0 | D:1      | holysushi the Mummy Necromancer began the quest for the
                  | Orb.
     0 | D:1      | Reached XP level 1. HP: 13/13 MP: 4/4
   279 | D:1      | Reached XP level 2. HP: 6/19 MP: 0/5
   854 | D:1      | Found a faded altar of an unknown god.
  1012 | D:1      | Prayed at the altar of an unknown god.
  1012 | D:1      | Became a worshipper of Yredelemnul the Dark
  1373 | D:2      | Reached skill level 1 in Unarmed Combat
  1578 | D:2      | Gained mutation: You are in touch with the powers of death.
                  | [Mummy growth]
  1578 | D:2      | Reached XP level 3. HP: 24/24 MP: 5/7
  1609 | D:2      | Reached * piety under Yredelemnul
  2495 | D:3      | Reached XP level 4. HP: 30/30 MP: 0/8
  2631 | D:3      | Noticed a kobold brigand
  2649 | D:3      | Killed a kobold brigand
  2650 | D:3      | Reached XP level 5. HP: 17/35 MP: 4/9
  3064 | D:3      | Reached ** piety under Yredelemnul
  3609 | D:3      | Reached *** piety under Yredelemnul
  3933 | D:4      | Reached XP level 6. HP: 22/41 MP: 9/11
  4113 | D:4      | Slain by a black bear

Illustrated notes

Levels and vault maps discovered:
D:1:      dpeg_arrival_shrine, layout_loops_cross,
          shapermc_ecumenical_altar_petra
D:2:      wander_river, layout_loops_cross
D:3:      cheibrodos_thug_alley, layout_basic, guppyfry_early_lair_pool
D:4:      layout_loops_ring, minmay_temple_entry_arrows, serial_shops, shop,
          st_stairs_4, uniq_edmund

Skill      XL: |  1  2  3  4  5 |
---------------+----------------+-----
Dodging        | 2 3 |  3.8
Unarmed Combat | 1 2 3 |  3.0
Spellcasting   | 3 |  3.4
Stealth        | |  1.5
Necromancy     | |  4.4

Action                   |  1- 3 |  4- 6 || total
-------------------------+-------+-------++-------
Melee: Unarmed           |    44 |    51 ||    95
       Punch             |     2 |     1 ||     3
 Cast: Pain              |    69 |    55 ||   124
Armor: Robe              |     9 |    21 ||    30
Dodge: Dodged            |    40 |    36 ||    76

Table legend: (Time is in decaauts)
 A = Elapsed time spent in this place.
 B = Non-inter-level travel time spent in this place.
 C = Inter-level travel time spent in this place.
 D = Time resting spent in this place.
 E = Time spent auto-exploring this place.
 F = Levels seen in this place.
 G = Mean time per level.
                   A        B        C        D        E       F      G
               +--------+--------+--------+--------+--------+-----+--------+
         Total |   4132 |   3966 |    166 |    493 |   2770 |   4 | 1033.0 |
       Dungeon |   4132 |   3966 |    166 |    493 |   2770 |   4 | 1033.0 |
               +--------+--------+--------+--------+--------+-----+--------+

Top non-repeatable levels by time:
     D:3: 1570 daAuts
     D:1: 1308 daAuts
     D:2: 987 daAuts
     D:4: 266 daAuts
